 Dungeon Crawl Stone Soup version 0.30-a0-782-ge64f9170bb (webtiles) character file.

Game seed: 16292219782167115589

7 HoaS the Shooter (level 2, -2/17 HPs)
             Began as a Gargoyle Hunter on Feb 23, 2023.
             Slain by a kobold
             ... wielding a +0 whip
              (5 damage)
             ... on level 1 of the Dungeon.
             The game lasted 00:00:39 (138 turns).

HoaS the Shooter (Gargoyle Hunter)                   Turns: 138, Time: 00:00:40

Health: -2/17      AC:  6    Str: 14    XL:     2   Next: 4%
Magic:  2/2        EV: 11    Int:  9    God:
Gold:   19         SH:  0    Dex: 13    Spells: 1/1 levels left

rFire   . . .      SeeInvis .    a - +0 shortbow
rCold   . . .      Faith    .    (shield currently unavailable)
rNeg    + . .      Spirit   .    c - +0 leather armour
rPois   ∞          Reflect  .    d - +0 helmet
rElec   +          Harm     .    (no cloak)
rCorr   .          Rampage  .    (no gloves)
Will    .....                    (no boots)
Stlth   +                        (no amulet)
HPRegen 0.22/turn                (no ring)
MPRegen 0.08/turn                (no ring)

@: no status effects
A: sickness immunity, AC +2, negative energy resistance 1, electricity
resistance, torment resistance 1, petrification resistance
a: no special abilities


You were on level 1 of the Dungeon.
You visited 1 branch of the dungeon, and saw 1 of its levels.

You collected 19 gold pieces.

Inventory:

Hand Weapons
 a - a +0 shortbow (weapon)
Armour
 c - a +0 leather armour (worn)
 d - a +0 helmet (worn)
Scrolls
 b - a scroll of immolation
 e - a scroll of teleportation {unknown}


   Skills:
 - Level 2.1 Fighting
 + Level 4.4 Ranged Weapons
 - Level 1.5 Dodging
 - Level 1.1 Stealth


You had one spell level left.
You didn't know any spells.
Your spell library was empty.

Dungeon Overview and Level Annotations

Branches:
Dungeon (1/15)

Altars:


Innate Abilities, Weirdness & Mutations

You are immune to sickness and miasma.
Your stone body is resilient. (AC +2)
You are immune to poison.
You resist negative energy. (rN+)
You are resistant to electric shocks. (rElec)
You are resistant to unholy torment.
You are immune to petrification.


Message History

The quokka bites you but does no damage.
The kobold misses you.
You shoot an arrow. The arrow hits the quokka.
The quokka is heavily wounded.
The quokka bites you but does no damage.
The quokka barely misses you. The kobold misses you.
You shoot an arrow. The arrow hits the quokka.
The quokka is heavily wounded.
The quokka bites you.
A bat comes into view.
The kobold closely misses you.
A kobold comes into view. It is wielding a +0 whip.
The quokka closely misses you.
You shoot an arrow. The arrow closely misses the quokka.
The kobold closely misses you.
The quokka bites you but does no damage.
The kobold completely misses you.
You shoot an arrow. The arrow hits the quokka.
The quokka is severely wounded.
The quokka bites you. The kobold closely misses you.
The quokka closely misses you.
You shoot an arrow. The arrow hits the quokka!
You kill the quokka!
The kobold hits you with a +0 short sword.
The kobold closely misses you.
You have reached level 2!
You shoot an arrow. The arrow barely misses the kobold.
The kobold hits you with a +0 short sword.
The kobold misses you. x2
The kobold hits you with a +0 short sword.
* * * LOW HITPOINT WARNING * * *
You shoot an arrow. The arrow misses the kobold.
The kobold closely misses you. The kobold completely misses you.
You shoot an arrow. The arrow barely misses the kobold.
The kobold hits you but does no damage. The kobold hits you with a +0 whip.
* * * LOW HITPOINT WARNING * * *
You shoot an arrow.
The arrow hits the kobold but does no damage.
The kobold closely misses you. The kobold hits you with a +0 whip.
You die...

######### #. ...
.......).##..##. ...
.#######.#...#.#. ....
.#.# #......#.# .....
...#####.......##.#b...#
##.............#=#J#..#
#..............#K##..##
#.............K@##....#
###.....................
..+.....................
.##..............##....#
..........#.....#.##..##
.##########....#.#.#..#
.# #....##.#....#
........ #...#.##......
#########....#.#........


You could see an endoplasm, a bat and 2 kobolds.

Vanquished Creatures
  2 bats (D:1)
  An endoplasm (D:1)
  A goblin (D:1)
  A quokka (D:1)
  A ball python (D:1)
  A rat (D:1)
7 creatures vanquished.

Notes
Turn   | Place    | Note
-------+----------+-------------------------------------------
     0 | D:1      | HoaS the Gargoyle Hunter began the quest for the Orb.
     0 | D:1      | Reached XP level 1. HP: 12/12 MP: 1/1
   135 | D:1      | Reached XP level 2. HP: 5/17 MP: 2/2
   138 | D:1      | Slain by a kobold

Illustrated notes

Levels and vault maps discovered:
D:1:      dpeg_arrival_ratfight, layout_basic, serial_shops, shop,
          minmay_misc_feat_secret_circle

Action                     || total
---------------------------++-------
   Fire: Shortbow          ||    24
 Armour: Leather armour    ||     6
  Dodge: Dodged            ||    20

Table legend: (Time is in decaauts)
 A = Elapsed time spent in this place.
 B = Non-inter-level travel time spent in this place.
 C = Inter-level travel time spent in this place.
 D = Time resting spent in this place.
 E = Time spent auto-exploring this place.
 F = Levels seen in this place.
 G = Mean time per level.
                   A        B        C        D        E       F      G
               +--------+--------+--------+--------+--------+-----+--------+
         Total |    145 |    135 |     10 |      0 |     85 |   1 |  145.0 |
       Dungeon |    145 |    135 |     10 |      0 |     85 |   1 |  145.0 |
               +--------+--------+--------+--------+--------+-----+--------+

Top non-repeatable levels by time:
     D:1: 145 daAuts
